 Dungeon Crawl Stone Soup version 0.20.1-1-g8b1a95d66d (webtiles) character file.

64 Jynx the Grave Robber (level 3, -1/36 HPs)
             Began as a Vampire Necromancer on Dec 24, 2017.
             Slain by a worm (3 damage)
             ... on level 2 of the Dungeon.
             The game lasted 00:02:47 (1773 turns).

Jynx the Grave Robber (Vampire Necromancer)         Turns: 1773, Time: 00:02:47

Health: -1/36      AC: 21    Str:  7    XL:     3   Next: 91%
Magic:  1/7        EV:  2    Int: 18    God:
Gold:   88         SH:  0    Dex: 16    Spells: 6/7 levels left

rFire    . . .     SeeInvis +   m - +1 dagger (venom)
rCold    . . .     Gourm    .   (no shield)
rNeg     + + +     Faith    .   (armour currently unavailable)
rPois    +         Spirit   .   (helmet currently unavailable)
rElec    .         Reflect  .   (cloak currently unavailable)
rCorr    .         Harm     .   (gloves currently unavailable)
MR       +....     NoTele   +   (boots currently unavailable)
Stlth    +++.......             (no amulet)
Regen    0.2/turn               (no ring)
MPRegen  0.1/turn               (no ring)

@: tree-form, very slightly contaminated
A: see invisible, agile 1, magic resistance 1
a: Bat Form


You were on level 2 of the Dungeon.
You were not thirsty.
You were a tree.
You visited 1 branch of the dungeon, and saw 2 of its levels.

You collected 88 gold pieces.

Inventory:

Hand Weapons
 m - a +1 dagger of venom (weapon)
Armour
 a - a +0 robe (melded)
Scrolls
 f - a scroll of remove curse
 g - a scroll of identify
Potions
 c - a potion of blood
 h - 2 potions of mutation
 i - a potion of heal wounds {unknown}
 j - a potion of might {unknown}
 l - 2 potions of flight {unknown}
Books
 b - a book of Necromancy

   Spells                             Type                      Level
   a - Pain                           Necromancy                   1
   b - Animate Skeleton               Necromancy                   1
   c - Vampiric Draining              Necromancy                   3
   d - Regeneration                   Charms/Necromancy            3
   e - Animate Dead                   Necromancy                   4
   f - Control Undead                 Necromancy                   4


   Skills:
 + Level 0.7 Short Blades
 - Level 2.1 Dodging
 + Level 4.3 Stealth
 + Level 2.9 Spellcasting
 * Level 4.8 Necromancy


You had 6 spell levels left.
You knew the following spells:

 Your Spells              Type           Power        Failure   Level  Hunger
a - Pain                  Necr           ###.         2%          1    None


Dungeon Overview and Level Annotations

Branches:
Dungeon (2/15)

Altars:


Innate Abilities, Weirdness & Mutations

((You have razor-sharp teeth.))
You have supernaturally acute eyesight. (SInv)
((You can survive without breathing.))
You are agile. (Dex +2)
You are resistant to hostile enchantments. (MR+)


Message History

You barely miss the hobgoblin. The worm bites you but does no damage.
The hobgoblin hits you but does no damage.
You barely miss the hobgoblin.
The hobgoblin hits you but does no damage.
The worm bites you.
* * * LOW HITPOINT WARNING * * *
You hit the hobgoblin but do no damage. The hobgoblin barely misses you.
Okay, then.
Okay, then.
You barely miss the worm.
The worm is lightly wounded.
The worm bites you but does no damage.
The hobgoblin hits you but does no damage.
You barely miss the worm.
The worm is lightly wounded.
The hobgoblin hits you but does no damage.
You hit the worm.
The worm is moderately wounded.
The worm looks more healthy.
The worm bites you.
You die...

###########
##############..........
#########.........)............
..................†.....(..###
###.############....g.w....#
..#.## #w#####.##..#####.
.)...# #g# #...g..>..... ####.#
#♣####..##..####.. #.#
#.w..#..##..# #.# ####.#..##S.#
#.# .........g..gg. ####.#
....###..####.# .....# .w.##
#..# #.#### ##.# #..# #.# ...#
..# ..##


You could see 2 worms and a hobgoblin.

Vanquished Creatures
  A gnoll (D:1)
  2 adders (D:2)
  A worm (D:2)
  A leopard gecko (D:1)
  5 bats
  2 giant cockroaches (D:2)
  2 goblins (D:1)
  4 hobgoblins
  2 jackals (D:1)
  2 kobolds
  2 frilled lizards
  6 rats
30 creatures vanquished.

Notes
Turn   | Place    | Note
-------+----------+-------------------------------------------
     0 | D:1      | Jynx the Vampire Necromancer began the quest for the Orb.
     0 | D:1      | Reached XP level 1. HP: 13/13 MP: 3/3
   429 | D:1      | Reached XP level 2. HP: 10/19 MP: 0/5
  1272 | D:1      | Reached XP level 3. HP: 22/24 MP: 4/7
  1764 | D:2      | Gained mutation: You are agile. (Dex +2) [potion of mutation]
  1764 | D:2      | Gained mutation: You are resistant to hostile enchantments. (MR+) [potion of mutation]
  1769 | D:2      | HP: 1/36 [worm (4)]
  1773 | D:2      | Slain by a worm

Skill      XL: |  1  2  3 |
---------------+----------+-----
Stealth        | 4 |  4.3
Short Blades   | |  0.7
Dodging        | |  2.1
Spellcasting   | |  2.9
Necromancy     | |  4.8

Action                   || total
-------------------------++-------
Melee: Dagger            ||     9
 Cast: Pain              ||    62
  Use: Potion            ||     3
       Scroll            ||     2
  Eat: Corpse            ||     4
Armor: Skin              ||    12
Dodge: Dodged            ||    12
